 Dungeon Crawl Stone Soup version 0.31.0-1-g2c135a008e (webtiles) character file.

Game seed: 9680773504685952044

219 qw the Shooter (level 6, 0/46 HPs)
             Began as a Djinni Hunter on Jan 23, 2024.
             Slain by a goblin
             ... wielding a +0 dagger
              (2 damage)
             ... on level 3 of the Dungeon.
             The game lasted 00:00:12 (1705 turns).

qw the Shooter (Djinni Hunter)                      Turns: 1705, Time: 00:00:12

Health: 0/46       AC:  6    Str: 10    XL:     6   Next: 17%
Gold:   134        EV: 11    Int: 10    God:
                   SH:  0    Dex: 19

rFire   + . .        a - +0 shortbow
rCold   . . .        (shield currently unavailable)
rNeg    . . .        d - +0 ring mail
rPois   inf          (no helmet)
rElec   .            b - +0 cloak
rCorr   .            (no gloves)
SInv    .            (boots unavailable)
Will    .....        (no amulet)
Stlth   +            g - ring of ice
HPRegen 0.27/turn    (no ring)
MPRegen 0.00/turn

%: infuse magic (-1 HP)
@: flying
A: sickness immunity, fire resistance 2, cold vulnerability 1, float, innate
caster, HP casting, extra vitality 1
a: no special abilities


You were on level 3 of the Dungeon.
You visited 1 branch of the dungeon, and saw 3 of its levels.

You collected 134 gold pieces.


Innate Abilities, Weirdness & Mutations

You are immune to sickness and miasma.
You are immune to poison.
Your flesh is very heat resistant. (rF++)
You are vulnerable to cold. (rC-)
You float through the air rather than walking.
You learn spells naturally, not from books.
Your magical power is your life essence.
You have superior vitality. (+4 MHP)


   Skills:
 + Level 3.1 Fighting
 - Level 5.0 Ranged Weapons
 - Level 1.0 Armour
 - Level 3.0 Dodging
 - Level 0.7 Stealth


You knew the following spells:

 Your Spells              Type           Power      Damage    Failure   Level
a - Apportation           Tloc           0%         N/A       67%         1
b - Scorch                Fire           0%         2d5       82%         2
Your spell library was empty.

Inventory:

Hand Weapons
 a - a +0 shortbow (weapon)
Armour
 b - a +0 cloak (worn)
 d - a +0 ring mail (worn)
Jewellery
 g - a ring of ice (left hand)
Scrolls
 h - a scroll of amnesia {unknown}
Potions
 c - 2 potions of mutation {unknown}
 e - a potion of magic {unknown}
 f - a potion of curing {unknown}
 i - a potion of brilliance {unknown}
 j - a potion of degeneration {unknown}
 k - 2 potions of might {unknown}
 l - a potion of ambrosia {unknown}

Dungeon Overview and Level Annotations

Branches:
Dungeon (3/15)

Altars:
Xom

Shops:
D:2 (


Message History

Robin hits you but does no damage.
You shoot an arrow. The arrow hits Robin.
Robin is moderately wounded.
The hobgoblin no longer looks unusually strong.
Robin barely misses you.
Robin roars a battlecry!
The hobgoblins go into a battle-frenzy!
You shoot an arrow. The arrow completely misses Robin.
The arrow hits the giant cockroach.
The giant cockroach is moderately wounded.
Robin barely misses you.
You shoot an arrow. The arrow completely misses Robin.
The arrow hits the giant cockroach.
You kill the giant cockroach!
Robin hits you with a +0 short sword.
You shoot an arrow. The arrow barely misses Robin.
The arrow hits the adder!
The adder is severely wounded.
Robin hits you but does no damage.
You shoot an arrow. The arrow hits Robin.
Robin is heavily wounded.
Robin closely misses you.
A goblin comes into view. It is wielding a +0 dagger.
Robin hits you with a +0 short sword.
You shoot an arrow. The arrow hits Robin.
Robin is severely wounded.
Robin laughs in a distinctly smug fashion.
Robin barely misses you.
You shoot an arrow. The arrow hits Robin.
Robin is almost dead.
Robin barely misses you.
You shoot an arrow. The arrow barely misses Robin.
The arrow hits the adder!
You kill the adder!
Robin roars a battlecry!
The goblin goes into a battle-frenzy!
Robin throws the goblin at you!
Your Dodging skill increases to level 3!
You shoot an arrow. The arrow hits Robin.
You kill Robin!
The goblin hits you with a +0 dagger.
You die...

##.###.# #......#
#..##### #...#
#.#.# #.#.#
##############.#.#
...............#g#
#####..........#@#
#.#######.##)#
#####.# #%g
......# #g##
####### #g. ...
#.. ######. #...
.......


You could see 2 hobgoblins and 2 goblins.

Vanquished Creatures
  Ijyb (D:3)
  Natasha (twice) (D:3)
  Robin (D:3)
  A gnoll (D:1)
  5 adders
  2 ribbon worms (D:3)
  4 dart slugs
  An orc (D:3)
  12 ball pythons
  4 bats
  2 endoplasms (D:1)
  3 giant cockroaches
  9 hobgoblins
  4 jackals
  9 frilled lizards
  8 goblins
  5 kobolds
  6 rats
79 creatures vanquished.

Notes
Turn   | Place    | Note
-------+----------+-------------------------------------------
     0 | D:1      | qw the Djinni Hunter began the quest for the Orb.
     0 | D:1      | Reached XP level 1. HP: 18/18 MP: 0/0
     0 | D:1      | 0 ||| qw: Version: 0.3-a-136-gdd3b4e8
     0 | D:1      | 0 ||| qw: Game counter: 1091
     0 | D:1      | 0 ||| qw: Melee chars always use a shield: true
     0 | D:1      | 0 ||| qw: God list: Okawaru
     0 | D:1      | 0 ||| qw: Allow faded altars: false
     0 | D:1      | 0 ||| qw: Do Orc after clearing Dungeon:15 true
     0 | D:1      | 0 ||| qw: Do second Lair branch before Depths: true
     0 | D:1      | 0 ||| qw: Lair rune preference: random
     0 | D:1      | 0 ||| qw: Goals: Normal
     0 | D:1      | 0 ||| PLANNING D:1-11
    88 | D:1      | Reached XP level 2. HP: 23/23 MP: 0/0
   121 | D:1      | Reached XP level 3. HP: 28/28 MP: 0/0
   121 | D:1      | Learned a level 1 spell: Apportation
   142 | D:1      | Reached skill level 4 in Ranged Weapons
   145 | D:1      | Found a faded altar of an unknown god.
   459 | D:1      | 459 ||| UPGRADING to +0 ring mail.
   469 | D:1      | 469 ||| DROPPING +0 leather armour.
   470 | D:1      | 470 ||| UPGRADING to ring of ice.
   471 | D:1      | 471 ||| READING scroll labelled YNGOACS BAOS.
   471 | D:1      | 471 ||| ENCHANTING +0 shortbow.
   472 | D:1      | 472 ||| READING scroll labelled TISADORIDI.
   473 | D:1      | 473 ||| DROPPING scroll of butterflies.
   576 | D:2      | Reached skill level 1 in Armour
   597 | D:2      | Reached XP level 4. HP: 28/34 MP: 0/0
   700 | D:2      | Found Iluat Gos's Weapon Boutique.
   717 | D:2      | Reached skill level 3 in Fighting
  1042 | D:2      | 1042 ||| UPGRADING to +0 cloak.
  1047 | D:2      | 1047 ||| READING scroll labelled TENTENO VUOPY.
  1051 | D:2      | 1051 ||| READING scroll labelled IHUCSU UXKUSI.
  1052 | D:2      | 1052 ||| READING scroll labelled DESTO KEMUEGUN.
  1053 | D:2      | 1053 ||| READING scroll labelled BAMEODDYGE.
  1169 | D:3      | Reached XP level 5. HP: 40/40 MP: 0/0
  1169 | D:3      | Learned a level 2 spell: Scorch
  1413 | D:3      | Found a shimmering altar of Xom.
  1511 | D:3      | Noticed Natasha
  1518 | D:3      | HP: 9/40 [Natasha (8)]
  1519 | D:3      | 1519 ||| READING scroll of teleportation.
  1520 | D:3      | Killed Natasha
  1680 | D:3      | Noticed Natasha
  1682 | D:3      | Noticed Robin
  1682 | D:3      | Noticed Ijyb
  1692 | D:3      | Killed Ijyb
  1692 | D:3      | HP: 5/40 [Natasha (6)]
  1693 | D:3      | Reached skill level 5 in Ranged Weapons
  1694 | D:3      | Killed Natasha
  1695 | D:3      | Reached XP level 6. HP: 7/46 MP: 0/0
  1699 | D:3      | HP: 3/46 [Robin/+0 short sword (5)]
  1701 | D:3      | HP: 1/46 [Robin/+0 short sword (3)]
  1705 | D:3      | Reached skill level 3 in Dodging
  1705 | D:3      | Killed Robin
  1705 | D:3      | Slain by a goblin

Levels and vault maps discovered:
D:1:      minmay_arrival_floating_metal, layout_rooms,
          hellmonk_ecumenical_altar_dog_temple
D:2:      layout_basic, serial_shops, shop, minmay_split_cup_large
D:3:      layout_loops_ring, mainiacjoe_overflow_alcove_1, lemuel_tele_altar,
          nicolae_goblin_pals, uniq_natasha

Skill      XL: |  1  2  3  4  5  6 |
---------------+-------------------+-----
Ranged Weapons | 4 5 |  5.0
Armour         | 1 |  1.0
Fighting       | 3 |  3.1
Dodging        | 3 |  3.0
Stealth        | |  0.7

Action                     |  1- 3 |  4- 6 || total
---------------------------+-------+-------++-------
   Fire: Shortbow          |    84 |   169 ||   253
    Use: Scroll            |     2 |     5 ||     7
 Armour: Leather armour    |    10 |       ||    10
         Ring mail         |     9 |    64 ||    73
  Dodge: Dodged            |    22 |    54 ||    76

Table legend:
 A = Non-vault XP
 B = Vault XP
 C = Vault XP percentage of total XP
 D = Non-vault monster count
 E = Vault monster count
 F = Vault count percentage of total count
                 A         B        C        D         E       F
            +---------+---------+-------+---------+---------+-------
      Total |     225 |     106 |  32.0 |      68 |      11 |  13.9
            +---------+---------+-------+---------+---------+-------
        D:1 |      48 |       4 |   7.7 |      24 |       2 |   7.7
        D:2 |      66 |       9 |  12.0 |      25 |       4 |  13.8
        D:3 |     111 |      93 |  45.6 |      19 |       5 |  20.8
            +---------+---------+-------+---------+---------+-------
